 Dungeon Crawl Stone Soup version 0.31-a0-865-g3d5d91748a (webtiles) character file.

Game seed: 17011535223121518402

62 Joey1 the Shield-Bearer (level 3, 0/33 HPs)
             Began as a Minotaur Fighter on Oct 10, 2023.
             Slain by a goblin
             ... wielding a +0 club
             ... led by Robin
              (6 damage)
             ... on level 3 of the Dungeon.
             The game lasted 00:02:45 (1400 turns).

Joey1 the Shield-Bearer (Minotaur Fighter)          Turns: 1400, Time: 00:02:45

Health: 0/33       AC: 10    Str: 20    XL:     3   Next: 85%
Magic:  2/2        EV:  8    Int:  5    God:
Gold:   83         SH:  4    Dex: 11    Spells: 2/2 levels left

rFire   . . .        a - +0 rapier
rCold   . . .        c - +0 buckler
rNeg    . . .        n - +0 chain mail
rPois   .            (helmet restricted)
rElec   .            p - +0 cloak
rCorr   .            (no gloves)
SInv    .            (no boots)
Will    .....        (no amulet) Stlth
                     (no ring)
HPRegen 0.25/turn    (no ring)
MPRegen 0.08/turn

%: no passive effects
@: no status effects
A: horns 2, retaliatory headbutt
a: no special abilities


You were on level 3 of the Dungeon.
You visited 1 branch of the dungeon, and saw 3 of its levels.

You collected 83 gold pieces.

Inventory:

Hand Weapons
 a - a +0 rapier (weapon)
Missiles
 q - 2 javelins
Armour
 b - a +0 scale mail
 c - a +0 buckler (worn)
 n - a +0 chain mail (worn)
 p - a +0 cloak (worn)
Scrolls
 e - a scroll of enchant armour {unknown}
 g - 2 scrolls of immolation {unknown}
 h - 3 scrolls of teleportation {unknown}
 i - 4 scrolls of identify {unknown}
 m - a scroll of vulnerability {unknown}
Potions
 d - a potion of might
 f - a potion of enlightenment {unknown}
 j - a potion of curing {unknown}
 k - a potion of heal wounds {unknown}
 l - a potion of cancellation {unknown}
 o - 2 potions of mutation {unknown}


   Skills:
 + Level 4.2 Fighting
 + Level 2.9 Short Blades
 + Level 4.2 Armour
 - Level 1.0 Dodging
 + Level 4.2 Shields


You had 2 spell levels left.
You didn't know any spells.
Your spell library was empty.

Dungeon Overview and Level Annotations

Branches:
Dungeon (3/15)

Altars:
Kikubaaqudgha

Annotations:
D:3 Robin


Innate Abilities, Weirdness & Mutations

You have a pair of horns on your head.
You reflexively headbutt those who attack you in melee.


Message History

The goblin no longer looks unusually strong. x2
You block the goblin's attack. The goblin hits you but does no damage.
You barely miss the goblin. The goblin hits you with a +0 club.
* * * LOW HITPOINT WARNING * * *
Robin throws the goblin at you!
* * * LOW HITPOINT WARNING * * *
The goblin barely misses you. x2; You block the goblin's attack.
You barely miss the goblin. Your headbutt misses the goblin.
The goblin hits you with a +0 club.
* * * LOW HITPOINT WARNING * * *
Robin roars a battlecry!
The goblins go into a battle-frenzy!
The goblin barely misses you. The goblin closely misses you.
You puncture the goblin!
You kill the goblin!
The goblin closely misses you. The goblin hits you but does no damage.
You completely miss Robin. You headbutt Robin.
Robin is moderately wounded.
The goblin barely misses you. You block Robin's attack.
The goblin closely misses you.
Sorry, you're not good enough to have a special ability.
You hit Robin.
Robin is moderately wounded.
The goblin no longer looks unusually strong.
The goblin hits you but does no damage. The goblin hits you with a +0 club.
* * * LOW HITPOINT WARNING * * *
You hit Robin but do no damage.
Robin is moderately wounded.
The hobgoblin no longer looks unusually strong.
Robin hits you but does no damage. The goblin closely misses you.
You block the goblin's attack.
You puncture Robin!
Robin is almost dead.
The goblin no longer looks unusually strong.
The goblin hits you with a +0 dagger.
* * * LOW HITPOINT WARNING * * *
Robin roars a battlecry!
The goblins go into a battle-frenzy!
The goblin hits you with a +0 club.
You die...

#.# ......
#.#
.....##.####
..........#
....#.##.#
...#.##.#
gg#)##.#
#g#.##.#
#@#.##<#
#gg)...#
.......#.####
.#.###.#.#
#.#.# ....#
#.### #.# ..


You could see Robin, a hobgoblin (strong) and 3 goblins.

Vanquished Creatures
  2 adders (D:2)
  A worm (D:2)
  A dart slug (D:2)
  A ball python (D:1)
  3 endoplasms (D:2)
  2 giant cockroaches (D:1)
  10 goblins
  4 hobgoblins
  2 quokkas (D:1)
  3 frilled lizards
  4 kobolds
  5 rats
38 creatures vanquished.

Notes
Turn   | Place    | Note
-------+----------+-------------------------------------------
     0 | D:1      | Joey1 the Minotaur Fighter began the quest for the Orb.
     0 | D:1      | Reached XP level 1. HP: 19/19 MP: 0/0
   227 | D:1      | Reached XP level 2. HP: 27/27 MP: 1/1
   273 | D:1      | Found a faded altar of an unknown god.
   556 | D:2      | Reached skill level 1 in Dodging
   600 | D:2      | Found an ancient bone altar of Kikubaaqudgha.
   762 | D:2      | Reached XP level 3. HP: 28/33 MP: 2/2
  1381 | D:3      | Noticed Robin
  1400 | D:3      | Slain by a goblin

Illustrated notes

Levels and vault maps discovered:
D:1:      dpeg_arrival_pits, layout_basic,
          dreamdust_ecumenical_altar_angels_and_demons
D:2:      layout_loops_ring, basic_altar
D:3:      layout_loops_cross, mainiacjoe_overflow_surrounded_room, uniq_robin

Skill      XL: |  1  2 |
---------------+-------+-----
Dodging        | 1 |  1.0
Shields        | 4 |  4.2
Fighting       | 4 |  4.2
Armour         | 4 |  4.2
Short Blades   | |  2.9

Action                     || total
---------------------------++-------
  Melee: Rapier            ||   107
         Headbutt          ||    14
 Armour: Scale mail        ||    16
         Chain mail        ||    47
  Dodge: Dodged            ||    41
  Block: Buckler           ||    27

Table legend: (Time is in decaauts)
 A = Elapsed time spent in this place.
 B = Non-inter-level travel time spent in this place.
 C = Inter-level travel time spent in this place.
 D = Time resting spent in this place.
 E = Time spent auto-exploring this place.
 F = Levels seen in this place.
 G = Mean time per level.
                   A        B        C        D        E       F      G
               +--------+--------+--------+--------+--------+-----+--------+
         Total |   1409 |   1273 |    136 |      0 |   1020 |   3 |  469.7 |
       Dungeon |   1409 |   1273 |    136 |      0 |   1020 |   3 |  469.7 |
               +--------+--------+--------+--------+--------+-----+--------+

Top non-repeatable levels by time:
     D:2: 827 daAuts
     D:1: 552 daAuts
     D:3: 30 daAuts
